 Dungeon Crawl Stone Soup version 0.30-b1-2-g02819fbbbe (webtiles) character file.

Game seed: 15556808229632441284

16 Metae the Covered (level 2, 0/27 HPs)
             Began as a Minotaur Fighter on June 22, 2023.
             Slain by Sigmund
             ... wielding a +2 vampiric scythe
              (9 damage)
             ... on level 2 of the Dungeon.
             The game lasted 00:01:51 (743 turns).

Metae the Covered (Minotaur Fighter)                 Turns: 743, Time: 00:01:52

Health: 0/27       AC:  7    Str: 20    XL:     2   Next: 41%
Magic:  1/1        EV:  9    Int:  5    God:
Gold:   55         SH:  4    Dex:  9    Spells: 1/1 levels left

rFire   . . .        e - +1 short sword (venom)
rCold   . . .        c - +0 buckler
rNeg    . . .        b - +0 scale mail
rPois   .            (helmet restricted)
rElec   .            (no cloak)
rCorr   .            (no gloves)
SInv    .            (no boots)
Will    .....        (no amulet) Stlth
                     (no ring)
HPRegen 0.24/turn    (no ring)
MPRegen 0.07/turn

%: no passive effects
@: no status effects
A: horns 2, retaliatory headbutt
a: no special abilities


You were on level 2 of the Dungeon.
You visited 1 branch of the dungeon, and saw 2 of its levels.

You collected 55 gold pieces.

Inventory:

Hand Weapons
 a - a +0 flail
 e - a +1 short sword of venom (weapon)
 i - a +0 sling
Armour
 b - a +0 scale mail (worn)
 c - a +0 buckler (worn)
Scrolls
 f - a scroll of acquirement {unknown}
 g - a scroll of fog {unknown}
 j - a scroll of teleportation {unknown}
 k - a scroll of amnesia {unknown}
 l - a scroll of magic mapping {unknown}
Potions
 d - a potion of might
 h - a potion of flight {unknown}


   Skills:
 + Level 3.9 Fighting
 + Level 0.5 Short Blades
 - Level 2.5 Maces & Flails
 + Level 3.9 Armour
 + Level 3.9 Shields


You had one spell level left.
You didn't know any spells.
Your spell library contained the following spells:

 Spells                   Type           Power      Damage    Failure   Level
 Freeze                   Ice            0%         1d3       88%         1
 Dazzling Flash           Conj/Hex       0%         N/A       99%         3
 Frozen Ramparts          Ice            0%         1d1       99%         3
 Hailstorm                Conj/Ice       0%         3d3       99%         3
 Agony                    Necr           0%         N/A       100%        5
 Silence                  Hex/Air        0%         N/A       100%        5


Dungeon Overview and Level Annotations

Branches:
Dungeon (2/15)

Altars:

Annotations:
D:2 Sigmund


Innate Abilities, Weirdness & Mutations

You have a pair of horns on your head.
You reflexively headbutt those who attack you in melee.


Message History

Found a scroll labelled OCRAXZOIMI.
The kobold closely misses you.
There is a stone staircase leading down here.
You hit the kobold but do no damage.
The kobold is poisoned.
You headbutt the kobold, but do no damage.
The kobold hits you but does no damage.
You hit the kobold.
You kill the kobold!
Things that are here:
a +1 short sword of speed; a kobold corpse
Things that are here:
a +1 short sword of speed; a kobold corpse
Found a scroll labelled TIOTISEWYS.
k - a scroll labelled OCRAXZOIMI
l - a scroll labelled TIOTISEWYS You open the door.
There is an open door here.
Sigmund the Dreaded comes into view.
He is wielding a +2 vampiric scythe.
Found a glowing amethyst potion and a glowing emerald potion.
Sigmund shouts!
You hear a shout!
A kobold comes into view. It is wielding a +0 short sword.
Sigmund gestures at you while chanting. You block the puff of flame.
Sigmund points at you and mumbles some strange words.
The magic dart hits you. Sigmund hits you but does no damage.
You hit Sigmund.
Sigmund is lightly wounded.
You barely miss Sigmund. Your headbutt misses Sigmund.
Sigmund is lightly wounded.
Sigmund hits you with a +2 vampiric scythe.
Sigmund draws strength from your wounds!
You closely miss Sigmund.
Sigmund giggles. "Time to reap what you sow."
Sigmund hits you with a +2 vampiric scythe!
You hit Sigmund.
Sigmund is poisoned.
Sigmund is lightly wounded.
You hit Sigmund but do no damage.
Sigmund looks even sicker.
Sigmund is lightly wounded.
Sigmund hits you with a +2 vampiric scythe!
You die...

### .#.. ####
.#.##... ......#
##...# .....#######
##...##....#########
>).........'....@@.#
#######....#######.#
..# #....# ...
#'#####....# #....
.....##....# #.....
.....####### .....
.....# @... .....#
!.!. .....#


You could see Sigmund (very poisoned).

Vanquished Creatures
  A dart slug (D:1)
  2 endoplasms (D:1)
  2 hobgoblins (D:1)
  4 kobolds
  2 ball pythons (D:1)
  A rat (D:1)
12 creatures vanquished.

Notes
Turn   | Place    | Note
-------+----------+-------------------------------------------
     0 | D:1      | Metae the Minotaur Fighter began the quest for the Orb.
     0 | D:1      | Reached XP level 1. HP: 19/19 MP: 0/0
   254 | D:1      | Reached XP level 2. HP: 27/27 MP: 1/1
   729 | D:2      | Noticed Sigmund
   743 | D:2      | Slain by Sigmund

Illustrated notes

Levels and vault maps discovered:
D:1:      wander_arrival_fairy_ring, layout_basic, serial_bayou_lake_a
D:2:      layout_basic, basic_altar, uniq_sigmund

Action                     || total
---------------------------++-------
  Melee: Flail             ||     7
         Short sword       ||    19
         Headbutt          ||     4
 Armour: Scale mail        ||    10
  Dodge: Dodged            ||     7
  Block: Buckler           ||     3
